 Dungeon Crawl Stone Soup version 0.32-a0-172-gc5dd13f2a7 (webtiles) character file.

Game seed: 15851305390657141338

64 zenocrate the Sneak (level 4, -3/27 (29) HPs)
             Began as a Kobold Delver on Feb 13, 2024.
             Slain by Crazy Yiuf
             ... wielding a +3 quarterstaff of chaos
              (12 damage)
             ... on level 2 of the Dungeon.
             The game lasted 00:01:55 (1635 turns).

zenocrate the Sneak (Kobold Delver)                 Turns: 1635, Time: 00:01:56

HP:   -3/27 (29)    AC:  3    Str:  9    XL:     4   Next: 32%
MP:   4/4           EV: 15    Int: 13    God:
Gold: 166           SH:  0    Dex: 16    Spells: 3/3 levels left

rFire   . . .        a - +0 short sword
rCold   . . .        (no shield)
rNeg    . . .        b - +0 leather armour
rPois   .            (helmet restricted)
rElec   .            (no cloak)
rCorr   .            (no gloves)
SInv    .            (no boots)
Will    .....        h - amulet of regeneration
Stlth   ++++         (no ring)
HPRegen 1.04/turn    (no ring)
MPRegen 0.09/turn

%: no passive effects
@: drained
A: small, no large weapons, nightstalker 3, horns 1
a: no special abilities


You were on level 2 of the Dungeon.
You visited 2 branches of the dungeon, and saw 6 of its levels.

You collected 166 gold pieces.

Inventory:

Hand Weapons
 a - a +0 short sword (weapon)
Armour
 b - a +0 leather armour (worn)
 m - a +0 kite shield
Jewellery
 f - an amulet of magic regeneration
 h - an amulet of regeneration (around neck)
 n - an amulet of reflection
Wands
 g - a wand of digging (3)
Scrolls
 c - a scroll of fog
 d - a scroll of revelation
 e - 2 scrolls of fear
 l - 2 scrolls of identify {unknown}
 p - a scroll of torment {unknown}
 r - a scroll of vulnerability {unknown}
Potions
 i - 2 potions of attraction {unknown}
 j - 2 potions of mutation
 k - a potion of curing {unknown}
 o - a potion of invisibility {unknown}
 q - a potion of degeneration {unknown}


   Skills:
 + Level 3.8 Fighting
 + Level 3.7 Short Blades
 + Level 3.4 Dodging
 + Level 7.2 Stealth


You had 3 spell levels left.
You didn't know any spells.
Your spell library contained the following spells:

 Spells                   Type           Power      Damage    Failure   Level
 Shock                    Conj/Air       0%         1d3       41%         1
 Swiftness                Air            0%         N/A       78%         3
 Airstrike                Air            0%         2d(0-16)  99%         4


Dungeon Overview and Level Annotations

Branches:
Dungeon (5/15)             Temple (1/1) D:4

Altars:
Ashenzari
Cheibriados
Dithmenos
Elyvilon
Fedhas
Gozag
Hepliaklqana
Makhleb
Trog
Vehumet
Wu Jian
Yredelemnul

Annotations:
D:2 Crazy Yiuf, Terence


Innate Abilities, Weirdness & Mutations

You are small and have problems with some larger weapons.
You are completely attuned to the shadows.
You have a pair of small horns on your head.


Message History

No target in view!
You now have 163 gold pieces (gained 11).
You see here a +0 robe.
There is a stone staircase leading up here.
You now have 166 gold pieces (gained 3).
Found a hammer.
Found a runed translucent door.
No target in view!
Found a hammer.
No target in view!
No target in view!
Found a hammer.
You see here a +0 hammer.
Found a hammer.
Crazy Yiuf shouts!
No reachable target in view!
No reachable target in view!
You open the door.
Okay, then.
Okay, then.
You hit Crazy Yiuf but do no damage.
Crazy Yiuf hits you with a +3 quarterstaff of chaos.
You hit Crazy Yiuf.
Crazy Yiuf is lightly wounded.
Crazy Yiuf barely misses you.
You hit Crazy Yiuf.
Crazy Yiuf is moderately wounded.
Crazy Yiuf hits you with a +3 quarterstaff of chaos!
Crazy Yiuf freezes you.
You hit Crazy Yiuf.
Crazy Yiuf is moderately wounded.
You closely miss Crazy Yiuf.
Crazy Yiuf is moderately wounded.
Crazy Yiuf hits you with a +3 quarterstaff of chaos!
Crazy Yiuf freezes you.
* * * LOW HITPOINT WARNING * * *
Unknown command.
It was a potion of mutation.
You feel extremely strange. A pair of horns grows on your head!
Crazy Yiuf hits you with a +3 quarterstaff of chaos!
You die...

♣♣♣♣♣### ## ♣♣♣.♣.P#.## ######
...#♣).♣......##### #...)#
...g@♣♣♣♣P........## #....#
)))#♣♣ ♣♣.#..###..## #....# ##
♣♣#### ##..# #....# ##.# #....#
#.. #....### ##### #.. #......#
###########...####..
#.>....###....>..............
##########.......##.###+###.###..


You could see Crazy Yiuf.

Vanquished Creatures
  2 adders (D:2)
  2 dart slugs (D:2)
  A ribbon worm (D:2)
  9 ball pythons
  2 bats (D:1)
  4 endoplasms
  A giant cockroach (D:2)
  5 hobgoblins
  2 jackals (D:2)
  2 kobolds
  2 frilled lizards
  3 goblins
  2 rats (D:1)
37 creatures vanquished.

Notes
Turn   | Place    | Note
-------+----------+-------------------------------------------
     0 | D:5      | zenocrate the Kobold Delver began the quest for the Orb.
     0 | D:5      | Reached XP level 1. HP: 14/14 MP: 1/1
    18 | D:5      | Noticed an iguana
    75 | D:5      | Noticed a bombardier beetle
    83 | D:4      | Found a staircase to the Ecumenical Temple.
    96 | Temple   | Entered the Ecumenical Temple
   133 | D:4      | Noticed a black bear
   236 | D:2      | Reached XP level 2. HP: 19/19 MP: 2/2
  1020 | D:1      | Reached XP level 3. HP: 23/23 MP: 3/3
  1167 | D:1      | Reached skill level 7 in Stealth
  1352 | D:2      | Reached XP level 4. HP: 29/29 MP: 4/4
  1431 | D:2      | Noticed Terence
  1624 | D:2      | Found a runed translucent door.
  1627 | D:2      | Noticed Crazy Yiuf
  1635 | D:2      | Gained mutation: You have a pair of small horns on your
                  | head. [potion of mutation]
  1635 | D:2      | Slain by Crazy Yiuf

Illustrated notes

Levels and vault maps discovered:
D:1:      nzn_arrival_crosshair, layout_basic, dreamdust_wishing_well,
          minmay_misc_feat_secret_circle, chequers_serial_rivers_small_3,
          minmay_hexomino_f4
D:2:      layout_rooms, nicolae_concentric_dashed_squares_mild,
          hangedman_glass_garden, minmay_bisected, uniq_terence,
          uniq_crazy_yiuf_cottage
D:3:      layout_loops_cross, serial_shops, nicolae_shop_window_shopping,
          gammafunk_ghost_grave
D:4:      layout_cave_pools, mainiacjoe_overflow_concentric_impassable,
          minmay_temple_entry_sparse_star, gup_sewer_entry_pipe,
          nicolae_take_the_stairs, dk_rats_in_the_wall
D:5:      layout_cave_pools, uniq_ijyb
Temple:   nicolae_temple_ecumenical_triangle

Skill      XL: |  1  2  3 |
---------------+----------+-----
Short Blades   | 3 |  3.7
Dodging        | 3 |  3.4
Stealth        | 7 |  7.2
Fighting       | |  3.8

Action                     |  1- 3 |  4- 6 || total
---------------------------+-------+-------++-------
  Melee: Short sword       |    95 |    38 ||   133
    Use: Scroll            |     1 |     1 ||     2
         Potion            |       |     2 ||     2
   Stab: Sleeping          |    19 |     1 ||    20
         Distracted        |     2 |       ||     2
 Armour: Leather armour    |    34 |    13 ||    47
  Dodge: Dodged            |    51 |    28 ||    79

Table legend: (Time is in decaauts)
 A = Elapsed time spent in this place.
 B = Non-inter-level travel time spent in this place.
 C = Inter-level travel time spent in this place.
 D = Time resting spent in this place.
 E = Time spent auto-exploring this place.
 F = Levels seen in this place.
 G = Mean time per level.
                   A        B        C        D        E       F      G
               +--------+--------+--------+--------+--------+-----+--------+
         Total |   1596 |   1563 |     33 |      0 |   1203 |   6 |  266.0 |
       Dungeon |   1594 |   1561 |     33 |      0 |   1203 |   5 |  318.8 |
        Temple |      1 |      1 |      0 |      0 |      0 |   1 |    1.0 |
               +--------+--------+--------+--------+--------+-----+--------+

Top non-repeatable levels by time:
     D:1: 980 daAuts
     D:2: 390 daAuts
     D:4: 79 daAuts
     D:5: 77 daAuts
     D:3: 67 daAuts
  Temple: 1 daAuts
